 Dungeon Crawl Stone Soup version 0.29-a0-334-gb41bcbb86e (webtiles) character file.

Game seed: 10882047216291964347

30 spaghetti the Sneak (level 3, 28/28 HPs)
             Began as a Naga Conjurer on Apr 14, 2022.
             Was a Follower of Trog.
             Quit the game on level 2 of the Dungeon.
             The game lasted 00:02:28 (1502 turns).

spaghetti the Sneak (Naga Conjurer)                 Turns: 1502, Time: 00:02:28

Health: 28/28      AC:  2    Str:  9    XL:     3   Next: 18%
Magic:  4/6        EV:  9    Int: 20    God:    Trog [*.....]
Gold:   81         SH:  0    Dex:  9    Spells: 4/7 levels left

rFire   . . .      SeeInvis +   (no weapon)
rCold   . . .      Faith    .   (no shield)
rNeg    . . .      Spirit   .   a - +0 robe
rPois   +          Reflect  .   (no helmet)
rElec   .          Harm     .   (no cloak)
rCorr   .          Rampage  .   (no gloves)
Will    .....                   (no barding)
Stlth   ++........              (no amulet)
HPRegen 0.09/turn               (no ring)
MPRegen 0.10/turn               (no ring)

@: very slow
A: AC +1, large, see invisible, deformed body, poison resistance, slowness 2,
spit poison 1, naga tail 1
a: Spit Poison, Renounce Religion, Berserk


You were on level 2 of the Dungeon.
You worshipped Trog.
Trog was aware of your devotion.
You visited 1 branch of the dungeon, and saw 2 of its levels.

You collected 81 gold pieces.


Innate Abilities, Weirdness & Mutations

Your serpentine skin is tough. (AC +1)
You have supernaturally acute eyesight. (SInv)
Armour fits poorly on your strangely shaped body.
Your system is resistant to poisons. (rPois)
You cover ground very slowly.
You can spit poison.
You have a snake-like lower body.


   Skills:
 - Level 1.5 Dodging
 + Level 4.2 Stealth
 - Level 2.6 Spellcasting
 - Level 4.0 Conjurations
 - Level 0.7 Ice Magic


You had 4 spell levels left.
You knew the following spells:

 Your Spells              Type           Power      Damage    Failure   Level
a - Magic Dart            Conj           72%        1d6       3%          1
b - Searing Ray           Conj           36%        2d5       4%          2

Your spell library contained the following spells:

 Spells                   Type           Power      Damage    Failure   Level
 Dazzling Flash           Conj/Hex       20%        N/A       21%         3
 Frozen Ramparts          Ice            10%        1d3       32%         3
 Fulminant Prism          Conj/Hex       5%         3d7       54%         4
 Iskenderun's Mystic Bla  Conj/Tloc      10%        2d4       54%         4
 Ice Form                 Ice/Tmut       4%         N/A       77%         4
 Summon Ice Beast         Ice/Summ       4%         N/A       77%         4
 Starburst                Conj/Fire      5%         6d4       100%        6

Inventory:

Hand Weapons
 d - a +0 hand axe {axe}
   (You found it on level 1 of the Dungeon)
 g - a +0 dagger {short}
   (You took it off a kobold on level 1 of the Dungeon)
 h - a +0 dagger {short}
   (You found it on level 1 of the Dungeon)
 i - a +0 dagger {short}
   (You found it on level 1 of the Dungeon)
 m - a +0 dagger {short}
   (You took it off a kobold on level 1 of the Dungeon)
 o - a +0 mace {mace}
   (You found it on level 1 of the Dungeon)
Missiles
 c - 33 stones {throwing}
Armour
 a - a +0 robe (worn)
Scrolls
 f - a scroll of magic mapping {unknown}
 j - 3 scrolls of teleportation {unknown}
 k - a scroll of blinking {unknown}
 p - a scroll of identify {unknown}
 r - a scroll of immolation {unknown}
Potions
 b - a potion of magic
 e - 2 potions of curing {unknown}
 l - a potion of heal wounds {unknown}
 n - a potion of brilliance {unknown}
 q - a potion of attraction {unknown}

Dungeon Overview and Level Annotations

Branches:
Dungeon (2/15)

Altars:
Trog

#.########.#.#.#.##.#..#
..
#.................#.#..# .
....>.......≈≈..≈≈..≈....
#.#####......##+++##.≈...
..#####.....##.≈..≈≈#....
...........≈#≈...≈..#≈##..
#.........≈.#≈≈≈..≈≈≈.≈≈
#.#######≈≈##≈....≈≈≈##≈
.........≈#..≈.≈@≈≈..≈#
.###†....≈#8≈####≈##.8# .#
#......≈≈##.≈...##≈#≈ .#
#.....≈...≈.≈.≈≈≈≈..≈.
.###......#†..........###
.##.......+..........$+
.##.......#...........#
..........#...........#
..........#...........+


There were no monsters in sight!


Message History

😎 MP[-1]
You lost 1 mp, and now have 5/6 mp.
The magic dart hits the dart slug.
The dart slug launches a dart at you. The slug dart hits you.
You are too injured to fight recklessly!
You are too injured to fight recklessly!
You are too injured to fight recklessly!
You are too injured to fight recklessly! 😕 HP[-4] MP[-1]
You take 4 damage, and now have 24/28 hp.
You lost 1 mp, and now have 4/6 mp.
You are too injured to fight recklessly!
You are too injured to fight recklessly!
You are too injured to fight recklessly!
You are too injured to fight recklessly!
You are too injured to fight recklessly!
You are too injured to fight recklessly!
You are too injured to fight recklessly!
You are too injured to fight recklessly!
You are too injured to fight recklessly!
You are too injured to fight recklessly!
You are too injured to fight recklessly!
You are too injured to fight recklessly!
You are too injured to fight recklessly!
You are too injured to fight recklessly!
You are too injured to fight recklessly!
You are too injured to fight recklessly!
Aiming: Magic Dart (safe; 3% risk of failure)
Press: ? - help, Q - select action, (/) - cycle Shift-Dir - straight line, f/p - dart slug
Aim: a dart slug (almost dead, 100% to hit)
The magic dart hits the dart slug. 😕 MP[-1]
You lost 1 mp, and now have 3/6 mp.
Aiming: Magic Dart (safe; 3% risk of failure)
Press: ? - help, Q - select action, (/) - cycle Shift-Dir - straight line, f/p - dart slug
Aim: a dart slug (almost dead, 100% to hit)
The magic dart hits the dart slug.
You kill the dart slug! 😕 HP[+1] MP[-1]
You lost 1 mp, and now have 2/6 mp.
Aiming: Magic Dart (safe; 3% risk of failure)
Press: ? - help, Q - select action, (/) - cycle Shift-Dir - straight line, f - you That beam is likely to hit you.
Continue anyway?
Okay, then.
You pick up a book of Spectacle and begin reading...
You add the spell Starburst to your library. 😎 HP[+3] MP[+4]
Your hp is fully restored (28).
Your mp is fully restored (6).
A spectral kobold comes into view.
A spectral kobold is nearby!
A spectral kobold is nearby!
Okay, then.
No target in range!
Aiming: Magic Dart (safe; 3% risk of failure)
Press: ? - help, Q - select action, (/) - cycle Shift-Dir - straight line, f - you
Okay, then.
You see here a dart slug corpse.
You now have 81 gold pieces (gained 16).
Found a faded altar of an unknown god.
A spectral kobold is nearby!
A spectral kobold is nearby!
Aiming: Magic Dart (safe; 3% risk of failure)
Press: ? - help, Q - select action, (/) - cycle Shift-Dir - straight line, f - spectral kobold
Aim: a spectral kobold (dormant, 100% to hit)
The magic dart hits the spectral kobold. 😎 MP[-1]
You lost 1 mp, and now have 5/6 mp.
Aiming: Magic Dart (safe; 3% risk of failure)
Press: ? - help, Q - select action, (/) - cycle Shift-Dir - straight line, f/p - spectral kobold
Aim: a spectral kobold (heavily damaged, 100% to hit)
The magic dart hits the spectral kobold.
You destroy the spectral kobold! 😎 MP[-1]
You lost 1 mp, and now have 4/6 mp.
Aiming: Magic Dart (safe; 3% risk of failure)
Press: ? - help, Q - select action, (/) - cycle Shift-Dir - straight line, f - you That beam is likely to hit you.
Continue anyway? [Y]es or [N]o only, please.
That beam is likely to hit you.
Continue anyway?
Okay, then.
You enter the shallow water.
Moving in this stuff is going to be slow.
There is a faded altar of an unknown god here.
You cannot tell which god this altar belongs to.
Convert to them anyway?
Trog accepts your prayer! Trog welcomes you!
You can now go berserk at will.
Unknown command.
Press < or > to pray at altars.
Are you sure you want to abandon this character and quit the game? (Confirm with "yes".)
Okay, then. 🤖 Initializing magus.rc ...
Options error: Delay interrupt name "hungry" not recognised. (~/.crawlrc:4761) Options error: Bad monster_list_colour key: strict_neutral (~/.crawlrc:4776) ✅ Successfully initialized magus.rc [v1.9.6] Welcome back, spaghetti the Naga Conjurer.
Trog says: Kill them all!
Press ? for a list of commands and other information.
Are you sure you want to abandon this character and quit the game? (Confirm with "yes".)

Skill      XL: |  1  2 |
---------------+-------+-----
Stealth        | 4 |  4.2
Dodging        | |  1.5
Spellcasting   | |  2.6
Conjurations   | |  4.0
Ice Magic      | |  0.7

Action                   || total
-------------------------++-------
 Cast: Magic Dart        ||    54
 Abil: Spit Poison       ||     2
Dodge: Dodged            ||     1

Levels and vault maps discovered:
D:1:      erik_arrival_orb_chamber, layout_basic
D:2:      layout_basic, dreamdust_ecumenical_altar_drowned_temple,
          minmay_3d_cube

Notes
Turn   | Place    | Note
-------+----------+-------------------------------------------
     0 | D:1      | spaghetti the Naga Conjurer began the quest for the Orb.
     0 | D:1      | Reached XP level 1. HP: 15/15 MP: 3/3
     0 | D:1      | magus.rc [v1.9.6]
   219 | D:1      | Reached XP level 2. HP: 17/22 MP: 0/5
   471 | D:1      | Learned a level 2 spell: Searing Ray
   619 | D:1      | Reached skill level 4 in Stealth
   699 | D:1      | You pick up a book of Rime and begin reading...
   699 | D:1      | You add the spells Frozen Ramparts, Ice Form and Summon Ice
                  | Beast to your library.
  1248 | D:2      | Reached XP level 3. HP: 28/28 MP: 2/6
  1476 | D:2      | You pick up a book of Spectacle and begin reading...
  1496 | D:2      | Found a faded altar of an unknown god.
  1501 | D:2      | Prayed at the altar of an unknown god.
  1501 | D:2      | Became a worshipper of Trog the Wrathful
  1501 | D:2      | Reached * piety under Trog
  1502 | D:2      | magus.rc [v1.9.6]
  1502 | D:2      | Quit the game

Vanquished Creatures
  2 dart slugs
  2 endoplasms (D:1)
  2 giant cockroaches
  5 hobgoblins (D:1)
  2 kobolds (D:1)
  A quokka (D:1)
  A ball python (D:2)
  3 bats
  A frilled lizard (D:1)
  5 rats
  A spectral kobold (D:2)
25 creatures vanquished.

Table legend:
 A = Non-vault XP
 B = Vault XP
 C = Vault XP percentage of total XP
 D = Non-vault monster count
 E = Vault monster count
 F = Vault count percentage of total count
                 A         B        C        D         E       F
            +---------+---------+-------+---------+---------+-------
      Total |      42 |       1 |   2.3 |      24 |       1 |   4.0
            +---------+---------+-------+---------+---------+-------
        D:1 |      33 |       0 |   0.0 |      19 |       0 |   0.0
        D:2 |       9 |       1 |  10.0 |       5 |       1 |  16.7
            +---------+---------+-------+---------+---------+-------

Illustrated notes

Table legend:
 A = Kills in this place as a percentage of kills in entire the game.
 B = Kills by you in this place as a percentage of kills by you in the entire game.
 C = Kills by friends in this place as a percentage of kills by friends in the entire game.
 D = Other kills in this place as a percentage of other kills in the entire game.
 E = Experience gained in this place as a percentage of experience gained in the entire game.
 F = Experience gained in this place divided by the number of levels of this place that you have seen.
                   A       B       C       D       E      F
               +-------+-------+-------+-------+-------+----------------------
         Total | 100.0 | 100.0 |   N/A |   N/A | 100.0 |  21.5
       Dungeon | 100.0 | 100.0 |   N/A |   N/A | 100.0 |  21.5
               +-------+-------+-------+-------+-------+----------------------

Table legend: (Time is in decaauts)
 A = Elapsed time spent in this place.
 B = Non-inter-level travel time spent in this place.
 C = Inter-level travel time spent in this place.
 D = Time resting spent in this place.
 E = Time spent auto-exploring this place.
 F = Levels seen in this place.
 G = Mean time per level.
                   A        B        C        D        E       F      G
               +--------+--------+--------+--------+--------+-----+--------+
         Total |   1822 |   1777 |     45 |      0 |   1643 |   2 |  911.0 |
       Dungeon |   1822 |   1777 |     45 |      0 |   1643 |   2 |  911.0 |
               +--------+--------+--------+--------+--------+-----+--------+

Top non-repeatable levels by time:
     D:1: 1439 daAuts
     D:2: 383 daAuts
